 Dungeon Crawl Stone Soup version 0.21.0-37-g46506fa (webtiles) character file.

24366 dohliylev the Unseen (level 12, -1/96 HPs)
             Began as a Vampire Enchanter on Jan 11, 2018.
             Was an Elder of Makhleb.
             Slain by a blink frog (17 damage)
             ... on level 3 of the Lair of Beasts on Feb 1, 2018.
             The game lasted 01:04:09 (15472 turns).

dohliylev the Unseen (Vampire Enchanter)           Turns: 15472, Time: 01:04:10

Health: -1/96      AC:  5    Str:  7    XL:     12   Next: 80%
Magic:  5/15       EV: 21    Int: 22    God:    Makhleb [****..]
Gold:   1144       SH: 10    Dex: 15    Spells: 6/15 levels left

rFire    . . .     SeeInvis +   a - +4 dagger (freeze)
rCold    + . .     Gourm    .   P - +0 buckler
rNeg     . . .     Faith    .   B - +1 robe {rC+}
rPois    .         Spirit   .   g - +0 helmet
rElec    .         Reflect  +   f - scarf {repulsion}
rCorr    +         Harm     .   u - +0 pair of gloves
MR       +....                  (no boots)
Stlth    ++++++....             k - +5 amulet of reflection
HPRegen  0.46/turn              m - +3 ring of evasion
MPRegen  0.14/turn              z - ring of resist corrosion

@: regenerating quickly, repel missiles
A: fangs 3, see invisible, unbreathing
a: Minor Destruction, Lesser Servant of Makhleb, Major Destruction, Renounce
Religion


You were on level 3 of the Lair of Beasts.
You worshipped Makhleb.
Makhleb was greatly pleased with you.
You were full.

You visited 3 branches of the dungeon, and saw 15 of its levels.
You also visited: Bailey and Ice Cave.

You collected 1144 gold pieces.

Inventory:

Hand Weapons
 a - a +4 dagger of freezing (weapon)
 I - a +0 dagger of speed
Armour
 f - a scarf of repulsion (worn)
 g - a +0 helmet (worn)
 p - a +2 robe of the Archmagi
 u - a +0 pair of gloves (worn)
 B - a +1 robe of cold resistance (worn)
 P - a +0 buckler (worn)
Jewellery
 k - a +5 amulet of reflection (around neck)
 m - a +3 ring of evasion (left hand)
 z - a ring of resist corrosion (right hand)
Wands
 n - a wand of polymorph (27)
 s - a wand of flame (28)
 F - a wand of random effects (20)
 G - a wand of iceblast (11)
 K - a wand of acid (10)
 S - a wand of clouds (3)
Scrolls
 q - 3 scrolls of fear
 r - 5 scrolls of remove curse
 v - 3 scrolls of teleportation
 w - 3 scrolls of enchant armour
 x - 3 scrolls of fog
 y - a scroll of amnesia
 E - 3 scrolls of blinking
 J - a scroll of enchant weapon
 N - a scroll of magic mapping
 O - a scroll of torment
Potions
 b - 5 potions of berserk rage
 c - 2 potions of degeneration {unknown}
 d - 23 potions of blood
 e - 5 potions of curing
 h - 3 potions of ambrosia
 i - a potion of brilliance {unknown}
 l - 2 potions of heal wounds
 o - 3 potions of agility
 t - 5 potions of lignification
 A - a potion of mutation {unknown}
 C - a potion of cancellation {unknown}
 D - a potion of haste {unknown}
 H - 4 potions of might
 L - 4 potions of flight
 M - 3 potions of resistance {unknown}
Miscellaneous
 j - a fan of gales
 Q - a box of beasts
 R - a crystal ball of energy


   Skills:
 + Level 9.6 Fighting
 - Level 10.2 Short Blades
   Level 1.3 Maces & Flails
 - Level 8.6 Dodging
 + Level 15.8 Stealth
 - Level 4.0 Shields
 - Level 2.0 Spellcasting
 - Level 12.0 Hexes
 - Level 0.1 Ice Magic
 - Level 5.0 Invocations


You had 6 spell levels left.
You knew the following spells:

 Your Spells              Type           Power        Failure   Level  Hunger
a - Corona                Hex            ######.      1%          1    #......
b - Ensorcelled Hibernat  Hex/Ice        ####..       1%          2    ##.....
c - Confuse               Hex            ######..     1%          3    ###....
d - Tukima's Dance        Hex            ######..     1%          3    ###....


Dungeon Overview and Level Annotations

Branches:
Dungeon (11/15)            Temple (1/1) D:7            Lair (3/6) D:8
 Shoals (0/4) Lair:3       Spider (0/4) Lair:2
    Orc: D:9-12

Altars:
Dithmenos
Fedhas
Kikubaaqudgha
Makhleb
Qazlal
Uskayaw
Wu Jian
Yredelemnul
Zin

Shops:
D:5 *   D:11 [*

Annotations:
D:11 Snorg


Innate Abilities, Weirdness & Mutations

Your natural rate of healing is unusually fast.
You have razor-sharp teeth.
You have supernaturally acute eyesight. (SInv)
You can survive without breathing.


Message History

The blink frog blinks!
You block the blink frog's attack. The blink frog hits you!
Found a stone staircase leading down.
The blink frog completely misses you. The blink frog hits you!
* * * LOW HITPOINT WARNING * * *
The blink frog hits you!
* * * LOW HITPOINT WARNING * * *
The blink frog barely misses you.
The blink frog blinks! x2
The blink frog blinks!
The blink frog blinks!
The blink frog blinks! x2
The blink frog blinks!
The blink frog blinks!
The blink frog blinks!
The blink frog blinks!
The blink frog blinks!
You block the blink frog's attack.
The blink frog blinks! x2
The blink frog hits you!
You die...

###...###...........##
#..#>#..###.....#####
..≈≈≈≈)...#.....#
≈≈)###)≈≈.#P....#
.###.###.≈......#
###....###......#
.......###......###
.#.....##.#....F..#
.........#####..@.#
..................#
....####....#.....#
....P# #.#####.§..##
..#.####.P..#......# ##
.#..##.............###.##
≈≈.................#.....
≈≈........F.F...........#
≈≈....P...............##


You could see 3 blink frogs.

Vanquished Creatures
  A white draconian (IceCv)
  A hydra (Lair:1)
  4 two-headed ogres
  Joseph (D:7)
  3 merfolk sirens (Lair:3)
  6 spiny frogs
  A komodo dragon (Lair:3)
  2 ice devils (Lair:1)
  A merfolk (Lair:3)
  A troll (D:9)
  13 polar bears (IceCv)
  6 blink frogs (Lair:3)
  4 hippogriffs
  Sigmund (D:5)
  15 yaks
  A hog (D:10)
  A human (D:10)
  2 hungry ghosts
  4 porcupines
  6 water moccasins
  11 orc warriors
  3 sky beasts
  A black bear (D:7)
  2 ice beasts
  4 phantoms
  5 ogres
  2 necrophages
  16 wolves
  4 centaurs
  5 crocodiles
  2 big kobolds
  9 bullfrogs
  8 scorpions
  4 wights (D:6)
  6 killer bees (D:10)
  6 crimson imps
  A bullfrog zombie (D:9)
  2 centaur zombies
  3 hounds
  Crazy Yiuf (D:2)
  A bullfrog skeleton (D:9)
  9 orc priests
  A gnoll shaman (D:9)
  2 jellies
  7 orc wizards
  2 iguanas
  7 worker ants
  A hound zombie (D:7)
  6 gnolls
  11 adders
  2 shadow imps
  2 adder skeletons
  3 worms
  2 dart slugs (D:1)
  6 leopard geckos
  32 orcs
  2 bats
  11 giant cockroaches
  8 goblins
  9 hobgoblins
  7 jackals
  21 kobolds
  5 quokkas
  A ball python (D:6)
  3 frilled lizards
  A jackal skeleton (D:4)
  A leopard gecko skeleton (D:7)
  4 rats
  A butterfly (D:7)
337 creatures vanquished.

Vanquished Creatures (collateral kills)
  An ice statue (IceCv)
  A yak (IceCv)
2 creatures vanquished.

Vanquished Creatures (others)
  A quokka (D:7)
  3 kobolds (Bailey)
  4 fungi
  2 plants (Lair:3)
10 creatures vanquished.

Grand Total: 349 creatures vanquished

Notes
Turn   | Place    | Note
-------+----------+-------------------------------------------
     0 | D:1      | dohliylev the Vampire Enchanter began the quest for the Orb.
     0 | D:1      | Reached XP level 1. HP: 13/13 MP: 3/3
   251 | D:1      | Reached skill level 5 in Stealth
   301 | D:1      | Reached XP level 2. HP: 19/19 MP: 5/5
   305 | D:1      | Learned a level 2 spell: Ensorcelled Hibernation
   470 | D:1      | Reached skill level 6 in Stealth
   683 | D:1      | Reached XP level 3. HP: 24/24 MP: 6/6
   811 | D:2      | Reached skill level 7 in Stealth
   857 | D:2      | Found a blossoming altar of Fedhas.
   914 | D:2      | Found a runed door.
   918 | D:2      | Noticed Crazy Yiuf
   922 | D:2      | Killed Crazy Yiuf
   922 | D:2      | Reached XP level 4. HP: 30/30 MP: 7/7
  1073 | D:2      | Reached skill level 8 in Stealth
  1463 | D:3      | Reached XP level 5. HP: 23/35 MP: 1/8
  1901 | D:4      | Noticed a phantom
  1928 | D:3      | Learned a level 3 spell: Confuse
  2681 | D:4      | Killed a phantom
  2681 | D:4      | Reached XP level 6. HP: 32/41 MP: 4/9
  2708 | D:4      | Found a glowing silver altar of Zin.
  2915 | D:4      | Reached skill level 5 in Dodging
  2992 | D:5      | Entered Level 5 of the Dungeon
  3290 | D:4      | Reached XP level 7. HP: 46/46 MP: 5/10
  3985 | D:5      | Noticed Sigmund
  3999 | D:5      | Killed Sigmund
  4207 | D:5      | Reached XP level 8. HP: 39/52 MP: 0/11
  4418 | D:5      | Found Rul Tim's Assorted Antiques.
  4618 | D:6      | Reached skill level 5 in Short Blades
  4719 | D:6      | Found a basalt altar of Yredelemnul.
  5289 | D:7      | Noticed Joseph
  5293 | D:7      | Killed Joseph
  5293 | D:7      | Reached XP level 9. HP: 55/63 MP: 12/12
  5871 | D:7      | Found a staircase to the Ecumenical Temple.
  5880 | Temple   | Entered the Ecumenical Temple
  5885 | Temple   | Became a worshipper of Makhleb the Destroyer
  6056 | D:7      | Reached skill level 5 in Fighting
  6719 | D:7      | Reached skill level 5 in Hexes
  7183 | D:8      | Found a staircase to the Lair.
  7247 | D:8      | Reached XP level 10. HP: 59/76 MP: 1/13
  7265 | D:8      | Reached * piety under Makhleb
  7564 | D:8      | Noticed a two-headed ogre
  7569 | D:8      | Killed a two-headed ogre
  7578 | D:8      | Found a flagged portal.
  7596 | Bailey   | Entered a bailey
  8729 | D:8      | Reached skill level 1 in Maces & Flails
  8739 | D:8      | Reached skill level 1 in Invocations
  8872 | D:8      | Noticed a two-headed ogre
  8881 | D:8      | Killed a two-headed ogre
  9283 | D:9      | Reached ** piety under Makhleb
  9423 | D:9      | Reached skill level 5 in Invocations
  9552 | D:9      | Reached skill level 9 in Stealth
  9953 | D:10     | Entered Level 10 of the Dungeon
  9990 | D:10     | Reached skill level 10 in Stealth
  9990 | D:10     | Reached XP level 11. HP: 55/81 MP: 2/14
 10294 | D:10     | Found a shadowy altar of Dithmenos.
 10303 | D:10     | Noticed a two-headed ogre
 10309 | D:10     | Reached skill level 1 in Shields
 10311 | D:10     | Killed a two-headed ogre
 10814 | D:10     | Reached *** piety under Makhleb
 10859 | D:10     | Noticed a two-headed ogre
 10865 | D:10     | Killed a two-headed ogre
 11749 | D:11     | Found Doluutywn's Armour Emporium.
 11749 | D:11     | Found Ejan's Assorted Antiques.
 11749 | D:11     | Noticed Snorg
 11821 | Lair:1   | Entered Level 1 of the Lair of Beasts
 12097 | Lair:1   | Noticed a five-headed hydra
 12104 | Lair:1   | Killed a five-headed hydra
 12104 | Lair:1   | Reached skill level 10 in Short Blades
 12152 | Lair:1   | Found a frozen archway.
 12163 | IceCv    | Entered an ice cave
 13195 | IceCv    | Noticed a white draconian
 13215 | IceCv    | Killed a white draconian
 13215 | IceCv    | Reached XP level 12. HP: 95/95 MP: 7/15
 13422 | IceCv    | Reached skill level 11 in Stealth
 13470 | IceCv    | Reached **** piety under Makhleb
 13635 | IceCv    | Reached skill level 12 in Stealth
 14188 | Lair:1   | Learned a level 3 spell: Tukima's Dance
 14410 | Lair:2   | Upgraded the game from 0.21.0-3-g78d12a8 to 0.21.0-25-ge575cb9
 14410 | Lair:2   | Upgraded the game from 0.21.0-25-ge575cb9 to 0.21.0-37-g46506fa
 14461 | Lair:2   | Found a hole to the Spider Nest.
 14687 | Lair:2   | Reached skill level 13 in Stealth
 15048 | Lair:3   | Found a staircase to the Shoals.
 15049 | Lair:3   | Reached skill level 14 in Stealth
 15300 | Lair:3   | Reached skill level 15 in Stealth
 15472 | Lair:3   | Slain by a blink frog

Skill      XL: |  1  2  3  4  5  6  7  8  9 10 11 12 |
---------------+-------------------------------------+-----
Stealth        | 5 6 7 8 10 15 | 15.8
Dodging        | 4 6 8 |  8.6
Short Blades   | 3 8 10 | 10.2
Fighting       | 3 6 9 |  9.6
Hexes          | 9 12 | 12.0
Maces & Flails | 1 |  1.3
Invocations    | 5 |  5.0
Shields        | 4 |  4.0
Spellcasting   | |  2.0
Ice Magic      | |  0.1

Action                   |  1- 3 |  4- 6 |  7- 9 | 10-12 || total
-------------------------+-------+-------+-------+-------++-------
Melee: Dagger            |    83 |   216 |   376 |   712 ||  1387
       Bite              |     6 |    17 |    38 |    61 ||   122
 Cast: Corona            |     6 |     1 |     2 |     1 ||    10
       Ensorcelled Hiber |    11 |    30 |    77 |   127 ||   245
       Confuse           |       |    18 |    32 |    61 ||   111
Invok: Lesser Servant of |       |       |       |     4 ||     4
 Abil: End Transformatio |       |       |     5 |     7 ||    12
       Bat Form          |       |       |     5 |     7 ||    12
Evoke: Wand              |       |     1 |    16 |    12 ||    29
  Use: Potion            |     1 |     1 |       |     3 ||     5
       Scroll            |       |       |    13 |     7 ||    20
 Stab: Sleeping          |    15 |    27 |    31 |    97 ||   170
       Confused          |       |     2 |    14 |    25 ||    41
       Paralysed         |       |       |       |     1 ||     1
  Eat: Corpse            |     8 |     6 |    19 |    37 ||    70
Armor: Robe              |    10 |    28 |    28 |    49 ||   115
Dodge: Dodged            |    47 |   111 |   210 |   417 ||   785
       Deflected         |     5 |       |     8 |     8 ||    21
Block: Other             |     2 |    36 |    51 |    96 ||   185
       Reflection        |       |       |     3 |    20 ||    23
       Buckler           |       |       |       |    64 ||    64
